 Dungeon Crawl Stone Soup version 0.17.0-24-gcfadda4 (console) character file.

26 gw the Twirler (level 3, -8/21 HPs)
             Began as a Tengu Gladiator on Nov 16, 2015.
             Was an Initiate of Qazlal.
             Mangled by Sigmund
             ... wielding a +0 scythe of venom
              (9 damage)
             ... on level 2 of the Dungeon.
             The game lasted 00:00:57 (1359 turns).

gw the Twirler (Tengu Gladiator)                    Turns: 1359, Time: 00:00:57

Health: -8/21      AC:  5    Str: 15    XL:     3   Next: 8%
Magic:  4/4        EV: 12    Int:  8    God:    Qazlal [......]
Gold:   102        SH:  0    Dex: 15    Spells: 0 memorised, 2 levels left

rFire  . . .     SeeInvis .     a - +0 quarterstaff
rCold  . . .     Clarity  .     f - +0 ring mail
rNeg   . . .     SustAt   .     (shield currently unavailable)
rPois  .         Gourm    .     c - +0 hat
rElec  .         Spirit   .     (no cloak)
rCorr  .         Warding  .     (no gloves)
rMut   .         Stasis   .     (boots unavailable)
MR     .....                    (no amulet)
Stlth  +.........               (no ring)
                                (no ring)

@: lethally poisoned (-8 -> -22), slowed, very slow, not resistant to hostile
enchantments, very unstealthy
A: beak, talons 3
a: Renounce Religion


You were on level 2 of the Dungeon.
You worshipped Qazlal.
Qazlal was noncommittal.
You were very hungry.

You visited 1 branch of the dungeon, and saw 2 of its levels.

You collected 102 gold pieces.

Inventory:

Hand Weapons
 a - a +0 quarterstaff (weapon)
Missiles
 d - 3 throwing nets
 j - 44 stones (quivered)
 k - 8 poisoned needles
Armour
 c - a +0 hat (worn)
 f - a +0 ring mail (worn)
Scrolls
 b - a scroll of enchant armour {unknown}
 h - 3 scrolls of magic mapping
Potions
 g - a potion of curing {unknown}
Comestibles
 e - a bread ration
 o - 4 fruits


   Skills:
 + Level 2.2 Fighting
 + Level 3.5 Staves
 + Level 2.6 Throwing
 + Level 3.4 Dodging
 * Level 0.3 Invocations


You had 2 spell levels left.
You didn't know any spells.

Dungeon Overview and Level Annotations

Branches:
Dungeon (2/15)

Altars:
Nemelex Xobeh
Qazlal

Annotations:
D:2 Sigmund


Innate Abilities, Weirdness & Mutations

You have a beak for a mouth.
You have claws for feet.


Message History

The worm is lightly wounded.
You feel sick.
You hear some strange, mumbled words.
Something tries to affect you, but you resist.
Attempting RANGED ATTACK TO (-5,-1) Throwing (i - inventory):
j - 46 stones (quivered)
Press: ? - help, Shift-Dir - straight line, f/p - worm
Aim: a worm (lightly wounded)
You throw a stone. The stone hits the worm.
The worm is moderately wounded.
You feel sick. Something hits you.
You are more poisoned.
Attempting RANGED ATTACK TO (-4,-1) Throwing (i - inventory):
j - 45 stones (quivered)
Press: ? - help, Shift-Dir - straight line, f/p - worm
Aim: a worm (lightly wounded)
You throw a stone. The stone hits the worm.
The worm is moderately wounded.
You feel sick. Something hits you!
You die...

#.....).... #.......... .
#.......... .. ###########
... # .(..###### #####
...((....# #....
...(..w..################.#
...(...)(%Q................
.........#######.####.#####
########## #...##<#####
##.#.......## #.....#.#####
#...#.#.# # #.......#
##.#.#### ######.#..#


You could see a worm.

Table legend:
 A = Turns spent in this place as a percentage of turns spent in the entire game.
 B = Non-inter-level travel turns spent in this place as a percentage of non-inter-level travel turns spent in the entire game.
 C = Inter-level travel turns spent in this place as a percentage of turns spent in this place.
 D = Turns resting spent in this place as a percentage of non-inter-level travel turns spent in this place.
 E = Turns spent auto-exploring this place as a percentage of non-inter-level travel turns spent in this place.
 F = Non-inter-level travel turns spent in this place divided by the number of levels of this place that you've seen.
                   A       B       C       D       E      F
               +-------+-------+-------+-------+-------+----------------------
         Total | 100.0 | 100.0 |   0.2 |   1.0 |   2.7 | 837.5
       Dungeon | 100.0 | 100.0 |   0.2 |   1.0 |   2.7 | 837.5
               +-------+-------+-------+-------+-------+----------------------

Table legend:
 A = Kills in this place as a percentage of kills in entire the game.
 B = Kills by you in this place as a percentage of kills by you in the entire game.
 C = Kills by friends in this place as a percentage of kills by friends in the entire game.
 D = Other kills in this place as a percentage of other kills in the entire game.
 E = Experience gained in this place as a percentage of experience gained in the entire game.
 F = Experience gained in this place divided by the number of levels of this place that you have seen.
                   A       B       C       D       E      F
               +-------+-------+-------+-------+-------+----------------------
         Total | 100.0 | 100.0 |  -nan |  -nan | 100.0 |  19.0
       Dungeon | 100.0 | 100.0 |  -nan |  -nan | 100.0 |  19.0
               +-------+-------+-------+-------+-------+----------------------

Vanquished Creatures
  A ball python (D:2)
  A giant cockroach (D:1)
  A hobgoblin (D:1)
  A quokka (D:2)
  4 bats
  4 giant newts
  7 goblins
  5 kobolds
  2 rats (D:1)
26 creatures vanquished.

Notes
Turn   | Place    | Note
--------------------------------------------------------------
     0 | D:1      | gw the Tengu Gladiator began the quest for the Orb.
     0 | D:1      | Reached XP level 1. HP: 12/12 MP: 2/2
   508 | D:1      | Reached XP level 2. HP: 17/17 MP: 3/3
   961 | D:2      | Found a stormy altar of Qazlal.
   966 | D:2      | Found a sparkling altar of Nemelex Xobeh.
   970 | D:2      | Became a worshipper of Qazlal Stormbringer
  1336 | D:2      | Reached XP level 3. HP: 21/21 MP: 4/4
  1347 | D:2      | Noticed Sigmund
  1359 | D:2      | HP: 1/21 [poisoned by Sigmund]
  1359 | D:2      | Mangled by Sigmund

Action                   || total
-------------------------++-------
Melee: Quarterstaff      ||    43
Throw: Stone             ||    87
  Use: Scroll            ||     5
       Potion            ||     2

Vault maps used:
D:1:      lightli_arrival_statue_moat, hex_intersection
D:2:      grunt_temple_overflow_open, uniq_sigmund
